 Dungeon Crawl Stone Soup version 0.30-a0-122-g2a1322497e (webtiles) character file.

Game seed: 10751015840541789131

1 Dreamer the Sneak (level 1, -13/21 HPs)
             Began as a Naga Delver on Sept 15, 2022.
             Mangled by an ogre
             ... wielding a +0 giant spiked club
              (17 damage)
             ... on level 5 of the Dungeon.
             The game lasted 00:00:39 (118 turns).

Dreamer the Sneak (Naga Delver)                      Turns: 118, Time: 00:00:40

Health: -13/21     AC:  1    Str: 14    XL:     1   Next: 20%
Magic:  1/1        EV:  9    Int: 10    God:
Gold:   0          SH:  0    Dex: 12    Spells: 0/0 levels left

rFire   . . .      SeeInvis +    a - +0 short sword
rCold   . . .      Faith    .    (no shield)
rNeg    . . .      Spirit   .    b - +0 leather armour
rPois   +          Reflect  .    (no helmet)
rElec   .          Harm     .    (no cloak)
rCorr   .          Rampage  .    (no gloves)
Will    .....                    (no barding)
Stlth   +++.......               (no amulet)
HPRegen 0.07/turn                (no ring)
MPRegen 0.07/turn                (no ring)

@: very slow
A: AC +0, large, see invisible, deformed body, poison resistance, slowness 2,
spit poison 1, naga tail 1
a: Spit Poison


You were on level 5 of the Dungeon.
You visited 1 branch of the dungeon, and saw 2 of its levels.

Inventory:

Hand Weapons
 a - a +0 short sword (weapon)
Armour
 b - a +0 leather armour (worn)
Wands
 g - a wand of digging (3)
Scrolls
 c - a scroll of fog
 d - a scroll of magic mapping
 e - a scroll of fear
Potions
 f - a potion of haste


   Skills:
 + Level 3.0 Fighting
 + Level 2.0 Short Blades
 + Level 1.6 Dodging
 + Level 7.2 Stealth


You couldn't memorise any spells.
You didn't know any spells.
Your spell library was empty.

Dungeon Overview and Level Annotations

Branches:
Dungeon (6/15)
 Temple: D:4-7

Altars:

Annotations:
D:5 exclusions: centaur and ogre


Innate Abilities, Weirdness & Mutations

Your serpentine skin is tough. (AC +0)
You have supernaturally acute eyesight. (SInv)
Armour fits poorly on your strangely shaped body.
Your system is resistant to poisons. (rPois)
You cover ground very slowly.
You can spit poison.
You have a snake-like lower body.


Message History

Press: ? - help, v - describe, . - travel The floor.
Press: ? - help, v - describe, . - travel
Here: an ogre, wielding a +0 giant spiked club (asleep)
The floor.
Placed new exclusion.
Found a stone staircase leading down.
There is a stone staircase leading down here. 2 jackals come into view.
The jackal barks!
You hear a shout!
The splash of poison hits the jackal.
The jackal is poisoned.
The jackal is severely wounded.
You miss the jackal.
The jackal is almost dead.
You kill the jackal!
You see here a jackal corpse.
You can't do that yet.
You have got your breath back.
You see here a jackal corpse.
Found a falchion.
The ogre attacks as you move away! The ogre barely misses you.
The ogre attacks as you move away! The ogre barely misses you.
You see here a jackal corpse.
The ogre closely misses you.
There is a stone staircase leading down here.
You climb downwards.
Found 5 stones and 9 gold pieces.
There is a stone staircase leading up here.
The ogre closely misses you.
You climb upwards.
Level annotation: exclusions: centaur and ogre
There is a stone staircase leading down here.
The ogre barely misses you.
The ogre hits you with a +0 giant spiked club!!
Ouch! That really hurt!
* * * LOW HITPOINT WARNING * * *
The ogre closely misses you.
The ogre hits you with a +0 giant spiked club!
Ouch! That really hurt!
You die...

#..# #.# #######..#
###.# #........#
#...#
#.######.####.######
######.##
##............
.........#
#>......######
#######).#
#.#####.######
##..O## #.# #.##....
#....@###†# #.##.###
#..........# #.##.#
##.....#########....#
##...## #.........#
##..# #.#######.###
##.# #.# #.... #.#
#.# ##### #. #.#
#.#####.#


You could see an ogre.

Vanquished Creatures
  A jackal (D:5)
1 creature vanquished.

Notes
Turn   | Place    | Note
-------+----------+-------------------------------------------
     0 | D:5      | Dreamer the Naga Delver began the quest for the Orb.
     0 | D:5      | Reached XP level 1. HP: 21/21 MP: 1/1
    10 | D:5      | Noticed a centaur
    37 | D:5      | Noticed an ogre
   118 | D:5      | Mangled by an ogre

Illustrated notes

Levels and vault maps discovered:
D:5:      cheibrodos_helix_gallery, layout_loops_ring, minitemple,
          dreamdust_wishing_well
D:6:      layout_basic, kennysheep_decorative_pillar, uniq_menkaure

Action                   || total
-------------------------++-------
Melee: Short sword       ||     1
 Abil: Spit Poison       ||     1
Dodge: Dodged            ||     6

Table legend: (Time is in decaauts)
 A = Elapsed time spent in this place.
 B = Non-inter-level travel time spent in this place.
 C = Inter-level travel time spent in this place.
 D = Time resting spent in this place.
 E = Time spent auto-exploring this place.
 F = Levels seen in this place.
 G = Mean time per level.
                   A        B        C        D        E       F      G
               +--------+--------+--------+--------+--------+-----+--------+
         Total |    163 |    163 |      0 |      0 |    112 |   2 |   81.5 |
       Dungeon |    163 |    163 |      0 |      0 |    112 |   2 |   81.5 |
               +--------+--------+--------+--------+--------+-----+--------+

Top non-repeatable levels by time:
     D:5: 161 daAuts
     D:6: 1 daAuts
